 Dungeon Crawl Stone Soup version 0.20.1-1-g8b1a95d (webtiles) character file.

265 digijack the Ducker (level 5, -4/27 HPs)
             Began as a Spriggan Chaos Knight on Nov 30, 2017.
             Killed from afar by an orc wizard (12 damage)
             ... with a puff of frost
             ... on level 4 of the Dungeon on Dec 2, 2017.
             The game lasted 00:20:21 (3511 turns).

digijack the Ducker (Spriggan Chaos Knight)         Turns: 3511, Time: 00:20:21

Health: -4/27      AC:  6    Str:  6    XL:     5   Next: 99%
Magic:  6/6        EV: 27    Int: 14    God:    Xom [.....*]
Gold:   228        SH:  0    Dex: 16    Spells: 4/4 levels left

rFire    . . .     SeeInvis +   a - +1 short sword (chaos)
rCold    . . .     Gourm    .   (shield restricted)
rNeg     . . .     Faith    .   b - +2 robe
rPois    .         Spirit   .   (helmet restricted)
rElec    .         Reflect  .   (no cloak)
rCorr    .         Harm     .   (gloves unavailable)
MR       .....                  (boots unavailable)
Stlth    +++.......             (no amulet)
Regen    0.1/turn               h - +5 ring of evasion
MPRegen  0.1/turn               (no ring)

@: very quick
A: unfitting armour, iridescent scales 1, see invisible, herbivore 3, speed 3,
slow metabolism 2, weak 1
a: Renounce Religion


You were on level 4 of the Dungeon.
You worshipped Xom.
You were Xom's teddy bear.
You were not hungry.

You visited 1 branch of the dungeon, and saw 4 of its levels.

You collected 228 gold pieces.

Inventory:

Hand Weapons
 a - a +1 short sword of chaos (weapon)
Armour
 b - a +2 robe (worn)
Jewellery
 h - a +5 ring of evasion (left hand)
Wands
 g - a wand of enslavement (7/24)
Scrolls
 d - 4 scrolls of identify
 e - 2 scrolls of enchant armour
 i - 2 scrolls of amnesia
Potions
 j - a potion of haste
Comestibles
 c - 4 bread rations
 f - 4 royal jellies


   Skills:
 - Level 2.4 Fighting
 + Level 5.0 Short Blades
 + Level 6.3 Dodging
 + Level 4.7 Stealth


You had 4 spell levels left.
You didn't know any spells.

Dungeon Overview and Level Annotations

Branches:
Dungeon (4/15)
 Temple: D:4-7

Altars:
Hepliaklqana
Sif Muna

Annotations:
D:3 Blork the orc


Innate Abilities, Weirdness & Mutations

You are very small and have problems with some larger weapons.
You are too small for most types of armour.
You have supernaturally acute eyesight. (SInv)
You are a herbivore.
You cover ground extremely quickly.
You need consume almost no food.
You are partially covered in iridescent scales. (AC +2)
You are weak. (Str -2)


Message History

The orc wizard flickers and vanishes for a moment.
The orc wizard is severely wounded.
The orc completely misses you. The orc wizard completely misses you.
You hit the orc wizard.
Your skin glows momentarily.
The orc wizard is almost dead.
You barely miss the orc wizard.
The orc wizard is almost dead.
The orc wizard casts a spell at you. The puff of frost hits you!
The orc misses you.
You barely miss the orc wizard.
The orc wizard is almost dead.
The orc wizard gestures at you while chanting.
The magic dart hits you!
* * * LOW HITPOINT WARNING * * *
The orc barely misses you.
You barely miss the orc wizard.
The orc wizard is almost dead.
The orc wizard casts a spell at you. The puff of frost hits you!
You die...

#.#
#...........
#.#
#######.....
#.# .#.##
#.# .# # #.#
.# #)# .#
#)# .# ###.#
.# #o@.#
##### #o###
..... #.
#...# #.
..... #.
...# #.
..... #.
##### ..


You could see an orc wizard (invisible) and an orc.

Vanquished Creatures
  An ogre (D:3)
  An orc priest (D:4)
  2 worker ants (D:4)
  5 adders
  2 dart slugs (D:1)
  A leopard gecko (D:3)
  2 orcs
  6 bats
  4 giant cockroaches
  4 hobgoblins
  4 jackals (D:3)
  5 kobolds
  2 quokkas (D:3)
  A ball python (D:3)
  4 frilled lizards
  7 goblins
  7 rats
  A fungus (D:1)
59 creatures vanquished.

Vanquished Creatures (collateral kills)
  A kobold (D:3)
1 creature vanquished.

Grand Total: 60 creatures vanquished

Notes
Turn   | Place    | Note
-------+----------+-------------------------------------------
     0 | D:1      | digijack the Spriggan Chaos Knight began the quest for the Orb.
     0 | D:1      | Reached XP level 1. HP: 11/11 MP: 2/2
   161 | D:1      | Reached skill level 1 in Stealth
   228 | D:1      | XOM: silly message
   276 | D:1      | Reached XP level 2. HP: 16/16 MP: 3/3
   355 | D:1      | XOM: divination: detect creatures
   410 | D:1      | Reached skill level 4 in Dodging
   547 | D:1      | XOM: give mutations
   547 | D:1      | Gained mutation: You are weak. (Str -2) [Xom's mischief]
   547 | D:1      | Gained mutation: You are clumsy. (Dex -2) [Xom's mischief]
   547 | D:1      | Lost mutation: You are clumsy. (Dex -2) [Xom's mischief]
   547 | D:1      | Gained mutation: You are very weak. (Str -4) [Xom's mischief]
  1068 | D:2      | Reached XP level 3. HP: 17/19 MP: 4/4
  1331 | D:2      | XOM: give mutations
  1331 | D:2      | Lost mutation: You are very weak. (Str -4) [Xom's mischief]
  1331 | D:2      | Gained mutation: Your spells are a little harder to cast, but a little more powerful. [Xom's mischief]
  1862 | D:3      | XOM: harmless Erth miscast
  1952 | D:3      | Reached skill level 5 in Dodging
  1956 | D:3      | XOM: smoke on damage
  1957 | D:3      | Reached XP level 4. HP: 19/23 MP: 5/5
  2159 | D:3      | Noticed an ogre
  2168 | D:3      | XOM: butterfly on damage
  2169 | D:3      | XOM: silly message
  2171 | D:3      | XOM: potion effect (invisibility)
  2172 | D:3      | Killed an ogre
  2172 | D:3      | Reached XP level 5. HP: 14/27 MP: 6/6
  2344 | D:3      | Noticed Blork the orc
  2352 | D:3      | Found a deep blue altar of Sif Muna.
  2738 | D:3      | XOM: harmless Chrm miscast
  2811 | D:3      | XOM: harmless Erth miscast
  2814 | D:3      | XOM: cast spell 'Summon Ice Beast'
  3253 | D:4      | Reached skill level 6 in Dodging
  3341 | D:4      | XOM: harmless Air miscast
  3371 | D:4      | Lost mutation: You are weak. (Str -2) [potion of mutation]
  3371 | D:4      | Lost mutation: Your spells are a little harder to cast, but a little more powerful. [potion of mutation]
  3371 | D:4      | Gained mutation: You are partially covered in iridescent scales. (AC +2) [potion of mutation]
  3371 | D:4      | Gained mutation: You are weak. (Str -2) [potion of mutation]
  3373 | D:4      | XOM: potion effect (haste)
  3397 | D:4      | Found a hazy altar of Hepliaklqana.
  3478 | D:4      | XOM: god gift: leather armour {god gift}
  3496 | D:4      | Reached skill level 5 in Short Blades
  3511 | D:4      | Killed from afar by an orc wizard

Skill      XL: |  1  2  3  4  5 |
---------------+----------------+-----
Stealth        | 1 2 3 4 |  4.7
Dodging        | 4 5 6 |  6.3
Short Blades   | 4 5 |  5.0
Fighting       | |  2.4

Action                   |  1- 3 |  4- 6 || total
-------------------------+-------+-------++-------
Melee: Short sword       |   139 |    62 ||   201
  Use: Scroll            |     9 |     3 ||    12
       Potion            |     7 |     3 ||    10
 Stab: Sleeping          |     6 |     4 ||    10
       Distracted        |       |     1 ||     1
Armor: Robe              |    19 |     3 ||    22
Dodge: Dodged            |    99 |    49 ||   148
